 Dungeon Crawl Stone Soup version 0.17-a0-1987-gaf5a542 (webtiles) character file.

4928 dpvblackbelt the Transmogrifier (level 10, -1/55 (59) HPs)
             Began as an Octopode Transmuter on Oct 7, 2015.
             Was an Initiate of Gozag.
             Succumbed to an orc warrior's poison
             ... on level 9 of the Dungeon.
             The game lasted 00:41:53 (12508 turns).

dpvblackbelt the Transmogrifier (OpTm)             Turns: 12508, Time: 00:41:54

HP:   -1/55 (59)    AC:  2    Str: 12 (13) XL:     10   Next: 52%
MP:   14/18         EV: 14    Int: 14 (15) God:    Gozag
Gold: 213           SH:  0    Dex: 13      Spells: 4 memorised, 10 levels left

rFire  . . .     SeeInvis .       - Unarmed
rCold  . . .     Clarity  .     (shield currently unavailable)
rNeg   . . .     SustAt   .     (helmet restricted)
rPois  .         Gourm    .     v - amulet of guardian spirit {Spirit}
rElec  .         Spirit   +     D - ring of flight {+Fly, !d}
rCorr  .         Warding  .     (no ring)
rMut   .         Stasis   .     (no ring)
MR     .....                    (no ring)
Stlth  ++++......               (no ring)
                                (no ring)
                                (no ring)
                                (no ring)

@: lethally poisoned (-1 -> -17), blade tentacles, flying, very slightly
contaminated, hasted, very quick, not resistant to hostile enchantments,
stealthy
A: almost no armour, amphibious, 8 rings, constrict 8, rugged brown scales 1,
camouflage 1, deterioration 1, low mp 1, gelatinous body 1
a: End Transformation, Potion Petition, Call Merchant, Bribe Branch, Renounce
Religion


You were on level 9 of the Dungeon.
You worshipped Gozag.
Gozag was noncommittal.
You were not hungry.
You had blades for tentacles.
You visited 2 branches of the dungeon, and saw 10 of its levels.
You also visited: Sewer.

You collected 1199 gold pieces.
You spent 479 gold pieces at shops.
You paid 507 gold pieces to Gozag.

Inventory:

Missiles
 a - 108 arrows
 q - 42 stones (quivered)
 u - 2 throwing nets {=f, !d}
 E - 16 arrows of flame
Rods
 i - a -1 lightning rod (11/11)
   (You found it on level 7 of the Dungeon)
Jewellery
 v - an amulet of guardian spirit (around mantle) {Spirit}
   (You found it on level 4 of the Dungeon)
 D - a ring of flight (left scythe-like blade) {+Fly, !d}
   (You found it on level 6 of the Dungeon)
Scrolls
 d - 4 scrolls of remove curse
 e - a scroll of blinking {!r}
 g - a scroll of magic mapping {!r}
 j - a scroll of teleportation
 k - 2 scrolls of immolation {!r}
 m - a scroll of vulnerability {!r!r}
 r - a scroll of enchant armour
 A - 3 scrolls of fear
 B - a scroll of enchant weapon
 F - a scroll of holy word {!r}
 G - a scroll of amnesia
Potions
 h - 2 potions of agility
 s - 3 potions of might
 t - a potion of brilliance
 w - a potion of invisibility
 x - a potion of haste
 C - 2 potions of flight
Books
 b - a book of Changes
 p - a book of Clouds
   (You found it on level 7 of the Dungeon)
 y - a book of Alchemy
   (You found it on level 6 of the Dungeon)
Comestibles
 c - 6 bread rations {@e1}
 o - 5 meat rations {@e2}
 z - 9 fruits


   Skills:
 - Level 1.0 Fighting
 - Level 4.7 Dodging
 - Level 5.3 Stealth
 - Level 7.0 Unarmed Combat
 - Level 7.1 Spellcasting
 - Level 9.3 Transmutations
 + Level 3.9 Ice Magic


You had 10 spell levels left.
You knew the following spells:

 Your Spells              Type           Power        Failure   Level  Hunger
a - Beastly Appendage     Trmt           ####..       12%         1    None
b - Ice Form              Ice/Trmt       ###.....     50%         4    ####...
c - Mephitic Cloud        Conj/Pois/Air  #.......     86%         3    ##.....
x - Blade Hands           Trmt           ####......   45%         5    #####..


Dungeon Overview and Level Annotations

Branches:
Dungeon (9/15)             Temple (1/1) D:6
   Lair: D:8-11         Orc: D:9-12

Altars:
Ashenzari
Cheibriados
Dithmenos
Elyvilon
Fedhas
Gozag
Kikubaaqudgha
Makhleb
Nemelex Xobeh
Okawaru
Qazlal
Ru
Sif Muna
Trog
Vehumet
Xom
Yredelemnul
Zin
The Shining One

Shops:
D:6 *   D:7 (%   D:9 [

Annotations:
D:8 exclusion: hydra


Innate Abilities, Weirdness & Mutations

You cannot wear most types of armour.
You are amphibious.
You can wear up to eight rings at the same time.
You can use your tentacles to constrict eight enemies at once.
Your skin changes colour to match your surroundings (Stealth).
Your rubbery body absorbs attacks (AC +1).
You are partially covered in rugged brown scales (AC +1, +3% HP).
Your body sometimes deteriorates upon taking damage.
Your magical capacity is low (-10% MP).


Message History

The hound bites you.
You take 2 damage, and have 47/55 hp.
There are monsters nearby!
You miscast Blade Hands.
You are very lightly contaminated with residual magic.
The air around you crackles with energy!
The orc warrior shouts!
The hound bites you but does no damage. The hound bites you.
A wight comes into view.
It is wielding an enchanted short sword.
You take 1 damage, and have 46/55 hp.
You now have 13/18 mp.
You barely miss the hound.
The orc shouts! x2
You grab the hound. Your squeeze misses the hound. You constrict the hound.
The hound bites you.
You take 2 damage, and have 44/55 hp.
You now have 12/18 mp.
Your tentacles turn into razor-sharp scythe blades.
You constrict the hound. The hound closely misses you.
The hound closely misses you.
You now have 7/18 mp.
You slash the hound! You constrict the hound. The hound bites you.
You take 3 damage, and have 42/55 hp.
You slice the hound!!
You kill the hound!
The orc warrior hits you with a mace of venom!
You take 10 damage, and have 32/55 hp.
You now have 6/18 mp.
You slash the orc warrior! Your grab misses the orc warrior.
Your squeeze misses the orc warrior.
You hit the orc warrior but do no damage.
Your grab misses the orc warrior.
The orc warrior hits you with a mace of venom.
You are poisoned.
You take 5 damage, and have 27/55 hp.
You now have 5/18 mp.
You barely miss the orc warrior. You grab the orc warrior.
You squeeze the orc warrior. You constrict the orc warrior.
You feel sick. The orc barely misses you.
The orc warrior hits you with a mace of venom.
You are more poisoned.
The wight is distracted by the nearby gold.
You take 3 damage, and have 24/55 hp.
You hit the orc warrior. You constrict the orc warrior.
You feel sick. The orc hits you with a club.
You take 5 damage, and have 19/55 hp.
You now have 5/18 mp.
You hit the orc warrior but do no damage.
You squeeze the orc warrior.
You constrict the orc warrior, but do no damage.
You feel sick.
The wight is no longer distracted by gold.
The orc warrior hits you with a mace of venom!!
* * * LOW HITPOINT WARNING * * *
Your body deteriorates!
You feel weakened.
The orc is distracted by the nearby gold.
You take 15 damage, and have 4/55 hp.
MASSIVE DAMAGE!!
You now have 1/18 mp.
Drink which item? (? for menu, Esc to quit)
Okay, then.
Read which item? (? for menu, Esc to quit)
Really read
e - 2 scrolls of blinking {!r}?
Blink to where?
You lose your grip on something.
As you read the scroll of blinking {!r}, it crumbles to dust.
* * * LOW HITPOINT WARNING * * *
You feel sick.
You take 2 damage, and have 2/55 hp.
Drink which item? (? for menu, Esc to quit)
Okay, then.
Read which item? (? for menu, Esc to quit)
Okay, then. [a] - 375 gold - flight, agility and invisibility [b] - 390 gold - haste and flight [c] - 841 gold - haste, heal wounds, resistance and agility Purchase which effect? [a] - 375 gold - flight, agility and invisibility [b] - 390 gold - haste and flight [c] - 841 gold - haste, heal wounds, resistance and agility Purchase which effect?
You don't have enough gold for that! [a] - 375 gold - flight, agility and invisibility [b] - 390 gold - haste and flight [c] - 841 gold - haste, heal wounds, resistance and agility Purchase which effect?
You no longer have enough gold to petition Gozag for potion effects.
You feel yourself speed up.
You feel very buoyant.
You fly up into the air.
* * * LOW HITPOINT WARNING * * *
You feel sick.
You take 1 damage, and have 1/55 hp.
Drink which item? (? for menu, Esc to quit)
Okay, then.
Read which item? (? for menu, Esc to quit)
Forget which spell ([?*] list [ESC] exit)?
Forget which spell ([?*] list [ESC] exit)?
You don't know that spell.
Forget which spell ([?*] list [ESC] exit)?
Okay, then.
Read which item? (? for menu, Esc to quit)
Okay, then.
Drink which item? (? for menu, Esc to quit)
Magic courses through your body.
You die...
Your body crumbles into a pile of gold.

#..<..###.# ######'###..###
...............# .
#########.####..##.## .
.......................# .
)..(..######....##.####.##.
....... ###...............
.......####......#..####....
...........@#....#.## #....
.......PP..##....#.# ##...
.......P..##......# #..#
..........####.#.## #...
.###.....# #...)# #...
##...### #.#.## #... #.o###
#.#.# #... #o## #.#.# ##.#.
#.o# #...# ###.'#.


You could see an orc warrior and an orc.

Vanquished Creatures
  Pikel (D:6)
  Sigmund (D:2)
  Menkaure (D:7)
  A hippogriff (D:8)
  A sky beast (D:8)
  A slave (D:6)
  Duvessa (D:6)
  2 ice beasts
  2 necrophages
  2 orc warriors (D:7)
  A wasp (D:8)
  3 ogres
  3 centaurs
  7 giant frogs
  9 big kobolds
  A gnoll sergeant (D:7)
  A scorpion (D:4)
  An electric eel (D:9)
  4 wights (D:8)
  A giant frog zombie (D:7)
  A quasit (D:7)
  A jelly (D:7)
  6 hounds
  2 orc priests
  A wasp zombie (D:9)
  8 orc wizards
  A centaur zombie (D:6)
  An iguana (D:4)
  Crazy Yiuf (D:6)
  Jessica (D:2)
  Natasha (thrice) (D:2)
  A killer bee zombie (D:7)
  4 worker ants
  A hound skeleton (D:8)
  12 gnolls
  16 adders
  4 river rats
  3 shadow imps
  An adder zombie (D:5)
  9 oozes
  6 worms
  5 giant geckos
  32 orcs
  5 ball pythons
  7 giant cockroaches
  4 hobgoblins
  12 jackals
  11 kobolds
  4 quokkas
  3 bats
  4 giant newts
  4 goblins
  6 rats
224 creatures vanquished.

Vanquished Creatures (others)
  Dowan (D:6)
  A fungus (D:5)
2 creatures vanquished.

Grand Total: 226 creatures vanquished

Notes
Turn   | Place    | Note
--------------------------------------------------------------
     0 | D:1      | dpvblackbelt the Octopode Transmuter began the quest for the Orb.
     0 | D:1      | Reached XP level 1. HP: 13/13 MP: 3/3
   334 | D:1      | Reached XP level 2. HP: 15/18 MP: 5/5
   778 | D:2      | Noticed Jessica
   793 | D:2      | Killed Jessica
   793 | D:2      | Reached skill level 4 in Unarmed Combat
   793 | D:2      | Reached XP level 3. HP: 19/23 MP: 4/6
   826 | D:2      | HP: 5/23 [adder (2)]
   832 | D:2      | HP: 5/23 [adder (3)]
   838 | D:2      | Reached XP level 4. HP: 18/28 MP: 7/7
   951 | D:2      | Reached skill level 5 in Unarmed Combat
  1160 | D:2      | Noticed Natasha
  1171 | D:2      | Killed Natasha
  1399 | D:2      | Noticed Natasha
  1404 | D:2      | Killed Natasha
  1439 | D:2      | HP: 7/28 [worm (10)]
  1453 | D:2      | Noticed Natasha
  1456 | D:2      | Killed Natasha
  1866 | D:2      | Noticed Sigmund
  1880 | D:2      | HP: 2/28 [Sigmund/scythe of venom (14)]
  1885 | D:2      | Killed Sigmund
  1885 | D:2      | Reached skill level 6 in Unarmed Combat
  1885 | D:2      | Reached XP level 5. HP: 12/33 MP: 8/8
  1885 | D:2      | Reached XP level 6. HP: 13/38 MP: 9/9
  2338 | D:3      | Reached skill level 7 in Unarmed Combat
  2375 | D:3      | Found a glowing drain.
  2389 | D:3      | HP: 8/38 [river rat (6)]
  2390 | Sewer    | Entered a sewer
  2561 | Sewer    | Learned a level 4 spell: Ice Form
  2819 | Sewer    | Reached skill level 3 in Dodging
  2819 | Sewer    | Reached XP level 7. HP: 36/43 MP: 8/10
  3147 | Sewer    | Reached skill level 3 in Transmutations
  3540 | Sewer    | Reached skill level 4 in Dodging
  3562 | Sewer    | Reached skill level 4 in Transmutations
  3795 | Sewer    | Reached XP level 8. HP: 44/48 MP: 9/11
  4007 | D:3      | Reached skill level 1 in Stealth
  4372 | D:4      | Learned a level 5 spell: Blade Hands
  4624 | D:4      | Reached skill level 2 in Stealth
  4629 | D:4      | Reached skill level 3 in Stealth
  5286 | D:4      | Reached skill level 4 in Stealth
  5370 | D:4      | Reached skill level 5 in Stealth
  5706 | D:5      | Entered Level 5 of the Dungeon
  5930 | D:5      | Reached skill level 5 in Transmutations
  6654 | D:6      | Noticed Duvessa
  6663 | D:6      | Noticed Dowan
  6672 | D:6      | Killed Duvessa
  6672 | D:6      | Reached skill level 6 in Transmutations
  6852 | D:6      | Found a blossoming altar of Fedhas.
  6908 | D:6      | Found an ancient bone altar of Kikubaaqudgha.
  7155 | D:6      | Noticed Crazy Yiuf
  7167 | D:6      | Killed Crazy Yiuf
  7268 | D:6      | Reached skill level 7 in Transmutations
  7350 | D:6      | Found Pebires's General Store.
  7353 | D:6      | Bought a scroll of immolation for 45 gold pieces
  7353 | D:6      | Bought a scroll of fear for 45 gold pieces
  7353 | D:6      | Bought a potion of flight for 39 gold pieces
  7353 | D:6      | Bought a potion of degeneration for 13 gold pieces
  7353 | D:6      | Bought a scroll of blinking for 97 gold pieces
  7534 | D:6      | Found a staircase to the Ecumenical Temple.
  7544 | D:6      | Reached XP level 9. HP: 46/53 MP: 10/12
  7556 | Temple   | Entered the Ecumenical Temple
  7591 | Temple   | Became a worshipper of Gozag Ym Sagoz the Greedy
  7625 | D:6      | Noticed Pikel
  7647 | D:6      | HP: 13/53 [Pikel/whip of freezing (1)]
  7649 | D:6      | HP: 6/53 [Pikel/whip of freezing (1)]
  7652 | D:6      | Gained mutation: You are partially covered in rugged brown scales (AC +1, +3% HP). [potion of mutation]
  7652 | D:6      | Gained mutation: Your body sometimes deteriorates upon taking damage. [potion of mutation]
  7652 | D:6      | Gained mutation: Your magical capacity is low (-10% MP). [potion of mutation]
  7662 | D:6      | Killed Pikel
  7662 | D:6      | Reached skill level 8 in Transmutations
  7662 | D:6      | HP: 13/54 [poison (a potion of poison)]
  7667 | D:6      | HP: 11/54 [poison (a potion of poison)]
  7672 | D:6      | HP: 10/54 [poison (a potion of poison)]
  7679 | D:6      | HP: 9/54 [poison (a potion of poison)]
  7687 | D:6      | HP: 9/54 [poison (a potion of poison)]
  7992 | D:6      | Killed Dowan
  8132 | D:7      | Identified a -1 lightning rod (11/11) (You found it on level 7 of the Dungeon)
  8252 | D:7      | Found Puru's Weapon Shoppe.
  8297 | D:7      | HP: 9/54 [ice beast (8)]
  8577 | D:7      | Reached skill level 9 in Transmutations
  9522 | D:7      | Found Ysaekh's Food Boutique.
  9530 | D:7      | Reached skill level 3 in Spellcasting
  9538 | D:7      | Bought a meat ration for 60 gold pieces
  9538 | D:7      | Bought a meat ration for 60 gold pieces
  9538 | D:7      | Bought a meat ration for 60 gold pieces
  9538 | D:7      | Bought a meat ration for 60 gold pieces
  9654 | D:7      | Noticed Menkaure
  9662 | D:7      | Killed Menkaure
  9711 | D:7      | Reached skill level 4 in Spellcasting
  9733 | D:7      | HP: 7/54 [gnoll (7)]
 10231 | D:7      | Learned a level 3 spell: Mephitic Cloud
 10662 | D:8      | Reached skill level 5 in Spellcasting
 10694 | D:7      | Reached XP level 10. HP: 31/59 MP: 10/16
 11038 | D:7      | Reached skill level 6 in Spellcasting
 11348 | D:9      | Found Bofeq's Armour Emporium.
 11533 | D:8      | Reached skill level 7 in Spellcasting
 11537 | D:8      | Noticed a two-headed hydra
 11809 | D:8      | Reached skill level 1 in Ice Magic
 11936 | D:8      | Reached skill level 2 in Ice Magic
 12245 | D:9      | Reached skill level 3 in Ice Magic
 12505 | D:9      | HP: 4/55 [orc warrior/mace of venom (14)]
 12507 | D:9      | HP: 1/55 [poisoned by an orc warrior]
 12508 | D:9      | Succumbed to an orc warrior's poison

Vault maps used:
D:1:      eino_arrival_water_star
D:2:      uniq_natasha, uniq_jessica, uniq_sigmund
D:3:      portal_sewer_entry_b, first_bread
D:4:      minivault_11
D:5:      serial_aquarium, aquarium_bridge_square, aquarium_window_corner,
          aquarium_window_fake, aquarium_window_2, aquarium_window_fake,
          aquarium_view_2c, aquarium_view_2e, aquarium_balcony_1a,
          aquarium_pool_1
D:6:      nicolae_overflow_crystal_walls, minmay_temple_entry_glassed_door,
          serial_shops, nicolae_shop_crystal, roderic_lattice_a,
          fedhas_altar_fruit_tree, uniq_crazy_yiuf_cottage, uniq_pikel,
          uniq_duvessa
D:7:      serial_gnoll_camp, gnoll_camp_mini_sergeant, gnoll_camp_mini_doghouse,
          gnoll_camp_mini_shop, gnoll_camp_mini_shop, uniq_menkaure
D:8:      hangedman_ranch
D:9:      david_lair_shrubbed, serial_undead, serial_undead_c, serial_undead_b,
          serial_undead_f, serial_undead_b, serial_shops, shop,
          kennysheep_big_empty_room
Temple:   grunt_circular_temple_18
Sewer:    sewer_co_tree

Action                   |  1- 3 |  4- 6 |  7- 9 | 10-12 || total
-------------------------+-------+-------+-------+-------++-------
Melee: Unarmed           |    45 |    99 |   396 |   131 ||   671
Throw: Stone             |       |    11 |       |       ||    11
 Cast: Beastly Appendage |     3 |    17 |    34 |     8 ||    62
       Blade Hands       |       |       |     6 |    11 ||    17
Invok: Potion Petition   |       |       |     1 |     1 ||     2
  Use: Potion            |     2 |     2 |    11 |     1 ||    16
       Scroll            |       |     1 |     7 |     6 ||    14
 Stab: Sleeping          |     1 |     4 |    24 |     3 ||    32
       Distracted        |     1 |       |       |       ||     1
  Eat: Chunk             |       |     6 |    16 |       ||    22
       Fruit             |       |       |     2 |     5 ||     7
       Bread ration      |       |       |     2 |       ||     2
       Beef jerky        |       |       |     2 |       ||     2
       Meat ration       |       |       |     1 |       ||     1
       Pizza             |       |       |       |     1 ||     1

Vault maps used:
D:1:      eino_arrival_water_star
D:2:      uniq_natasha, uniq_jessica, uniq_sigmund
D:3:      portal_sewer_entry_b, first_bread
D:4:      minivault_11
D:5:      serial_aquarium, aquarium_bridge_square, aquarium_window_corner,
          aquarium_window_fake, aquarium_window_2, aquarium_window_fake,
          aquarium_view_2c, aquarium_view_2e, aquarium_balcony_1a,
          aquarium_pool_1
D:6:      nicolae_overflow_crystal_walls, minmay_temple_entry_glassed_door,
          serial_shops, nicolae_shop_crystal, roderic_lattice_a,
          fedhas_altar_fruit_tree, uniq_crazy_yiuf_cottage, uniq_pikel,
          uniq_duvessa
D:7:      serial_gnoll_camp, gnoll_camp_mini_sergeant, gnoll_camp_mini_doghouse,
          gnoll_camp_mini_shop, gnoll_camp_mini_shop, uniq_menkaure
D:8:      hangedman_ranch
D:9:      david_lair_shrubbed, serial_undead, serial_undead_c, serial_undead_b,
          serial_undead_f, serial_undead_b, serial_shops, shop,
          kennysheep_big_empty_room
Temple:   grunt_circular_temple_18
Sewer:    sewer_co_tree

Table legend:
 A = Turns spent in this place as a percentage of turns spent in the entire game.
 B = Non-inter-level travel turns spent in this place as a percentage of non-inter-level travel turns spent in the entire game.
 C = Inter-level travel turns spent in this place as a percentage of turns spent in this place.
 D = Turns resting spent in this place as a percentage of non-inter-level travel turns spent in this place.
 E = Turns spent auto-exploring this place as a percentage of non-inter-level travel turns spent in this place.
 F = Non-inter-level travel turns spent in this place divided by the number of levels of this place that you've seen.
                   A       B       C       D       E      F
               +-------+-------+-------+-------+-------+----------------------
         Total | 100.0 | 100.0 |   0.5 |   4.9 |   5.0 | 362.0
       Dungeon |  87.0 |  86.9 |   0.5 |   4.5 |   5.1 | 384.7
        Temple |   0.9 |   0.9 |   2.8 |   0.0 |   0.0 |  35.0
         Sewer |  12.1 |  12.2 |   0.0 |   8.0 |   4.9 | 485.0
               +-------+-------+-------+-------+-------+----------------------

Table legend:
 A = Kills in this place as a percentage of kills in entire the game.
 B = Kills by you in this place as a percentage of kills by you in the entire game.
 C = Kills by friends in this place as a percentage of kills by friends in the entire game.
 D = Other kills in this place as a percentage of other kills in the entire game.
 E = Experience gained in this place as a percentage of experience gained in the entire game.
 F = Experience gained in this place divided by the number of levels of this place that you have seen.
                   A       B       C       D       E      F
               +-------+-------+-------+-------+-------+----------------------
         Total | 100.0 | 100.0 |  -nan |  -nan | 100.0 | 640.0
       Dungeon |  87.4 |  87.4 |  -nan |  -nan |  89.6 | 700.8
         Sewer |  12.6 |  12.6 |  -nan |  -nan |  10.4 | 733.0
               +-------+-------+-------+-------+-------+----------------------
